 Dungeon Crawl Stone Soup version 0.28-a0-793-g31680bbd8b (webtiles) character file.

Game seed: 8045142273045111049

50610 gimp the Basher (level 14, -12/133 HPs)
             Began as a Troll Brigand on Nov 4, 2021.
             Was a High Priest of Okawaru.
             Mangled by a blink frog (13 damage)
             ... on level 6 of the Lair of Beasts.
             The game lasted 00:30:23 (16082 turns).

gimp the Basher (Troll Brigand)                    Turns: 16082, Time: 00:30:23

Health: -12/133    AC:  6    Str: 23    XL:     14   Next: 20%
Magic:  19/19      EV: 18    Int:  7    God:    Okawaru [*****.]
Gold:   738        SH:  5    Dex: 14    Spells: 13/13 levels left

rFire   + . .      SeeInvis .   c - +0 giant spiked club
rCold   + . .      Faith    .   (shield currently unavailable)
rNeg    + . .      Spirit   .   E - +2 robe {Will+}
rPois   +          Reflect  +   y - -2 hat of the Alchemist {rElec rPois rF+ rC+ rN+ Will+ rMut rCorr}
rElec   +          Harm     .   P - +1 cloak {Stlth+}
rCorr   +          Rampage  .   (gloves unavailable)
rMut    +                       (boots unavailable)
Will    +++..                   M - amulet of reflection
Stlth   +++.......              B - +4 ring of evasion
HPRegen 1.32/turn               I - ring of resist corrosion
MPRegen 0.16/turn

@: about to teleport
A: large, unfitting armour, claws 3, regeneration 1, shaggy fur 1, tough skin 1
a: Renounce Religion, Heroism, Finesse, Duel


You were on level 6 of the Lair of Beasts.
You worshipped Okawaru.
Okawaru was extremely pleased with you.
You visited 3 branches of the dungeon, and saw 18 of its levels.

You collected 950 gold pieces.
You spent 212 gold pieces at shops.

Inventory:

Hand Weapons
 a - a +3 flail of protection
 b - a +1 whip of electrocution
 c - a +0 giant spiked club (weapon)
 D - a +0 morningstar of flaming
Missiles
 d - 48 poisoned darts
 e - 2 curare-tipped darts (quivered)
 t - 14 javelins
 v - 15 large rocks
 A - 3 silver javelins
 J - a throwing net
Armour
 y - the -2 hat of the Alchemist (worn) {rElec rPois rF+ rC+ rN+ Will+ rMut rCorr}
   (You found it on level 5 of the Dungeon)

   rF:        It protects you from fire.
   rC:        It protects you from cold.
   rElec:     It insulates you from electricity.
   rPois:     It protects you from poison.
   rN:        It protects you from negative energy.
   rCorr:     It protects you from acid and corrosion.
   rMut:      It protects you from mutation.
   Will:      It increases your willpower.
 E - a +2 robe of willpower (worn)
 P - a +1 cloak of stealth (worn)
Jewellery
 h - a ring of ice
 B - a +4 ring of evasion (left claw)
 H - a ring of ice
 I - a ring of resist corrosion (right claw)
 M - an amulet of reflection (around neck)
 R - an amulet of regeneration
Wands
 n - a wand of polymorph (14)
 L - a wand of flame (35)
Scrolls
 f - a scroll of brand weapon
 i - a scroll of enchant weapon
 j - 5 scrolls of immolation
 u - a scroll of enchant armour
 N - 2 scrolls of silence
 O - 2 scrolls of magic mapping
 Q - a scroll of holy word
Potions
 g - a potion of ambrosia
 k - 3 potions of brilliance
 l - 3 potions of attraction {unknown}
 m - 5 potions of curing
 p - 3 potions of degeneration {unknown}
 q - 2 potions of might {unknown}
 r - 2 potions of heal wounds {unknown}
 s - a potion of resistance
 w - a potion of berserk rage
 z - a potion of lignification
 C - a potion of flight
 F - 3 potions of cancellation {unknown}
 G - 2 potions of invisibility {unknown}
 K - 3 potions of magic {unknown}
 S - a potion of haste {unknown}
Miscellaneous
 o - a piece from Xom's chessboard (15/15)


   Skills:
 - Level 7.0 Fighting
 - Level 1.5 Short Blades
 * Level 14.8 Maces & Flails
 + Level 7.5 Throwing
 + Level 10.2 Dodging
 - Level 2.1 Stealth
 - Level 8.0 Invocations


You had 13 spell levels left.
You didn't know any spells.
Your spell library contained the following spells:

 Spells                   Type           Power      Damage    Failure   Level
 Beastly Appendage        Tmut           0%         N/A       43%         1
 Slow                     Hex            0%         N/A       43%         1
 Ensorcelled Hibernation  Hex/Ice        0%         N/A       56%         2
 Wereblood                Tmut           0%         N/A       56%         2
 Confusing Touch          Hex            0%         N/A       80%         3
 Dazzling Flash           Conj/Hex       0%         N/A       80%         3
 Spider Form              Tmut/Pois      0%         N/A       80%         3
 Vampiric Draining        Necr           0%         2d6       80%         3
 Passage of Golubria      Tloc           0%         N/A       99%         4
 Agony                    Necr           0%         N/A       100%        5
 Alistair's Intoxication  Tmut/Pois      0%         N/A       100%        5
 Blade Hands              Tmut           0%         N/A       100%        5
 Borgnjor's Vile Clutch   Necr/Erth      0%         N/A       100%        5
 Silence                  Hex/Air        0%         N/A       100%        5
 Yara's Violent Unravell  Hex/Tmut       0%         3d3       100%        5
 Eringya's Noxious Bog    Tmut/Pois      0%         N/A       100%        6
 Iron Shot                Conj/Erth      0%         9d1       100%        6
 Tukima's Dance           Hex            Unusable   N/A       N/A         3
 Animate Armour           Summ/Erth      Unusable   N/A       N/A         4

Dungeon Overview and Level Annotations

Branches:
Dungeon (11/15)            Temple (1/1) D:5            Lair (6/6) D:8
 Shoals (0/4) Lair:4       Spider (0/4) Lair:3        Slime (0/5) Lair:5
    Orc: D:9-12

Altars:
Ashenzari
Cheibriados
Dithmenos
Elyvilon
Fedhas
Gozag
Hepliaklqana
Kikubaaqudgha
Makhleb
Nemelex Xobeh
Okawaru
Qazlal
Ru
Sif Muna
Trog
Uskayaw
Vehumet
Wu Jian
Xom
Yredelemnul
Zin
The Shining One
Beogh
Jiyva

Shops:
D:1 [

Portals:
Abyss: Lair:1

Annotations:
D:10 2 transporters, Erolcha
Lair:1 2 transporters, exclusion: oklob plant, jasper's ghost, journeyman DsCA
Lair:2 2 transporters
Lair:3 1 runed translucent door, Mouwuw's ghost, journeyman MiMo


Innate Abilities, Weirdness & Mutations

You are too large for most types of armour.
You have claws for hands.
Your natural rate of healing is unusually fast.
You are covered in fur. (AC +1)
You have tough skin. (AC +1)


Message History

You regained 2 hp, and now have 132/133 hp.
The blink frog gives a loud, deep croak!
You hear a howl!
The blink frog blinks!
The blink frog hits you!
The blink frog blinks!
Something bites the plant.
You block the komodo dragon's attack.
The blink frog blinks! x2
Things that are here:
a +0 rapier; a +0 robe You take 6 damage, and have 126/133 hp.
A nearby plant withers and dies.
The blink frog blinks! x3
The komodo dragon closely misses you. The blink frog hits you!
The blink frog blinks!
The blink frog hits you.
The blink frog blinks!
You take 11 damage, and have 115/133 hp.
A nearby plant withers and dies.
The blink frog hits you!
The blink frog blinks!
Something hits you but does no damage. The blink frog hits you.
The komodo dragon bites you!!
You take 46 damage, and have 69/133 hp.
MASSIVE DAMAGE!!
As you read the scroll of teleportation, it crumbles to dust.
You feel strangely unstable. The blink frog hits you! Something hits you.
A wolf comes into view.
The blink frog hits you. x2; The blink frog blinks!
You block the komodo dragon's attack. The water moccasin bites you.
The blink frog blinks!
Something hits you but does no damage.
You take 21 damage, and have 48/133 hp.
You miss something. The blink frog hits you! You block the blink frog's attack.
The blink frog blinks!
The water moccasin bites you.
* * * LOW HITPOINT WARNING * * *
The blink frog blinks!
The komodo dragon bites you!!
* * * LOW HITPOINT WARNING * * *
The blink frog blinks!
The blink frog barely misses you. Something hits you but does no damage.
You take 37 damage, and have 11/133 hp.
MASSIVE DAMAGE!!
You feel better.
The blink frog blinks!
The water moccasin closely misses you. The blink frog hits you!
* * * LOW HITPOINT WARNING * * *
The blink frog blinks! x2; You block the blink frog's attack.
Something barely misses you. The komodo dragon bites you!
* * * LOW HITPOINT WARNING * * *
The blink frog hits you!
You die...

.≈....).....≈≈..⌠.....
........# #..!...# ..
........## #...# ..#
.......#.###...# ....
........#
#..hF#####..§.
........#
##.§.#..P...F.
##.##...#
##.#)#....... ..#.#..#
#..§l{...... ####...##
##.FF@FF..... ##...#
#...##S###.## ##...#
#F...### # #...P#
##.### ##...## #...##
#.#...# ##...# ##....#
#.)### ##...## ##).#
#.#..#.## #..#


You could see a komodo dragon (summoned), 7 blink frogs, a water moccasin and a
wolf.

Vanquished Creatures
  Snorg (D:10)
  An ice dragon (Lair:5)
  8 hydras
  3 two-headed ogres
  Pikel (D:5)
  A manticore (D:8)
  A cyclops (D:10)
  2 black mambas
  9 elephants
  A merfolk siren (Lair:4)
  A torpor snail (Arena)
  10 cane toads
  2 rime drakes
  11 komodo dragons
  A troll (D:10)
  Grinder (D:5)
  5 polar bears
  9 blink frogs
  3 spriggans (Lair:6)
  4 water elementals (D:10)
  A wraith (D:10)
  28 yaks
  2 wyverns
  5 humans
  A basilisk (Lair:4)
  4 vampire mosquitoes (D:10)
  Edmund (D:5)
  3 acid dragons
  17 water moccasins
  2 orc warriors
  4 black bears
  4 ice beasts
  4 necrophages
  14 wolves
  A centaur (D:3)
  3 ogres
  A phantom (D:5)
  14 bullfrogs
  A kobold brigand (D:9)
  A gnoll sergeant (D:10)
  A scorpion (D:4)
  11 killer bees
  4 wights (D:8)
  2 howler monkeys (D:9)
  A jelly (D:6)
  8 orc priests
  2 bullfrog zombies
  2 centaur zombies
  A hound (D:5)
  2 centaur skeletons
  An iguana (D:3)
  12 orc wizards
  A killer bee zombie (D:7)
  2 howler monkey zombies (D:7)
  8 adders
  13 gnolls
  2 shadow imps (D:7)
  4 white imps
  2 ufetubi
  An adder skeleton (D:3)
  4 worms
  22 orcs
  3 bats
  3 endoplasms
  9 giant cockroaches
  4 goblins
  5 hobgoblins
  2 jackals (D:3)
  9 kobolds
  A quokka (D:4)
  7 ball pythons
  4 frilled lizards
  5 rats
344 creatures vanquished.

Vanquished Creatures (others)
  3 bushes (Lair:6)
  58 fungi
  72 plants
133 creatures vanquished.

Grand Total: 477 creatures vanquished

Notes
Turn   | Place    | Note
-------+----------+-------------------------------------------
     0 | D:1      | gimp the Troll Brigand began the quest for the Orb.
     0 | D:1      | Reached XP level 1. HP: 19/19 MP: 0/0
    88 | D:1      | Found Ahip's Armour Shop.
   104 | D:1      | Reached XP level 2. HP: 21/29 MP: 1/1
   476 | D:1      | Found a faded altar of an unknown god.
   914 | D:2      | Reached XP level 3. HP: 29/37 MP: 2/2
  1491 | D:3      | Reached XP level 4. HP: 45/45 MP: 3/3
  1520 | D:3      | Noticed an ice beast
  1563 | D:3      | Killed an ice beast
  1564 | D:3      | Reached XP level 5. HP: 36/55 MP: 4/4
  1880 | D:3      | Found a shimmering altar of Xom.
  1907 | D:3      | Noticed a centaur
  1995 | D:2      | Reached skill level 5 in Fighting
  2030 | D:3      | Killed a centaur
  2031 | D:3      | Reached skill level 1 in Maces & Flails
  2031 | D:3      | Reached XP level 6. HP: 61/66 MP: 5/5
  2453 | D:3      | Reached skill level 2 in Maces & Flails
  2691 | D:4      | Reached XP level 7. HP: 68/72 MP: 6/6
  2787 | D:4      | Reached skill level 3 in Maces & Flails
  3139 | D:5      | Entered Level 5 of the Dungeon
  3167 | D:5      | Found the -2 hat of the Alchemist {rElec rPois rF+ rC+ rN+
                  | Will+ rMut rCorr}
  3172 | D:5      | Found a staircase to the Ecumenical Temple.
  3236 | Temple   | Entered the Ecumenical Temple
  3505 | Temple   | Became a worshipper of Warmaster Okawaru
  3678 | D:5      | Noticed Edmund
  3704 | D:5      | Killed Edmund
  3779 | D:5      | Reached skill level 4 in Maces & Flails
  3779 | D:5      | Reached skill level 1 in Invocations
  3937 | D:5      | Noticed Grinder
  3972 | D:5      | Reached * piety under Okawaru
  3973 | D:5      | Reached XP level 8. HP: 74/78 MP: 6/8
  3988 | D:5      | Killed Grinder
  3989 | D:5      | Reached skill level 5 in Throwing
  4021 | D:5      | Noticed Pikel
  4057 | D:5      | Killed Pikel
  4057 | D:5      | Reached ** piety under Okawaru
  4058 | D:5      | Reached skill level 5 in Maces & Flails
  4158 | D:5      | Reached skill level 6 in Maces & Flails
  4239 | D:1      | Bought a +2 robe of willpower for 212 gold pieces
  4401 | D:6      | Reached skill level 1 in Dodging
  4720 | D:6      | Reached XP level 9. HP: 87/88 MP: 10/10
  5321 | D:7      | Reached skill level 7 in Maces & Flails
  5916 | D:7      | Reached *** piety under Okawaru
  6504 | D:8      | Reached skill level 8 in Maces & Flails
  6538 | D:8      | Found a staircase to the Lair.
  6655 | D:8      | Noticed a manticore
  6677 | D:8      | Killed a manticore
  6677 | D:8      | Reached **** piety under Okawaru
  6678 | D:8      | Reached skill level 9 in Maces & Flails
  6678 | D:8      | Reached XP level 10. HP: 40/96 MP: 8/11
  6833 | D:8      | Noticed a two-headed ogre
  6847 | D:8      | Killed a two-headed ogre
  6847 | D:8      | Received a gift from Okawaru
  7345 | D:9      | Reached skill level 10 in Maces & Flails
  7345 | D:9      | Reached skill level 5 in Dodging
  7559 | D:9      | Noticed a two-headed ogre
  7635 | D:9      | Killed a two-headed ogre
  7635 | D:9      | Reached ***** piety under Okawaru
  7740 | D:9      | Received a gift from Okawaru
  7810 | D:8      | Reached skill level 11 in Maces & Flails
  8222 | D:10     | Entered Level 10 of the Dungeon
  8308 | D:10     | Found a transporter.
  8309 | D:10     | Found a transporter.
  8320 | D:10     | Noticed an orc high priest
  8323 | D:10     | Noticed a cyclops
  8334 | D:10     | Received a gift from Okawaru
  8425 | D:10     | Reached XP level 11. HP: 98/102 MP: 12/12
  8481 | D:10     | Noticed Snorg
  8731 | D:10     | Killed Snorg
  8901 | D:10     | Noticed Erolcha
  9389 | D:11     | Noticed a two-headed ogre
  9400 | D:11     | Killed a two-headed ogre
  9400 | D:11     | Identified the +2 hat of Dus Meabb {Contam Rampage rN+
                  | Int+2} (Okawaru gifted it to you on level 11 of the
                  | Dungeon)
  9400 | D:11     | Received a gift from Okawaru
  9401 | D:11     | Reached skill level 12 in Maces & Flails
  9451 | D:11     | Noticed a skeletal warrior
  9513 | Lair:1   | Entered Level 1 of the Lair of Beasts
  9600 | Lair:1   | Noticed an oklob plant
  9646 | Lair:1   | Noticed a brown ugly thing
  9654 | Lair:1   | Reached skill level 5 in Invocations
  9686 | Lair:1   | Noticed a spriggan rider
  9882 | Lair:1   | Noticed jasper's ghost (journeyman DsCA)
  9883 | Lair:1   | Found a one-way gate to the infinite horrors of the Abyss.
  9897 | Lair:1   | Found a transporter.
  9906 | Lair:1   | Found a transporter.
 10121 | Lair:1   | Noticed an anaconda
 10192 | Lair:1   | Noticed a thrashing horror
 10275 | Lair:1   | Noticed a five-headed hydra
 10287 | Lair:1   | Killed a five-headed hydra
 11323 | Lair:2   | Reached XP level 12. HP: 111/111 MP: 15/15
 11389 | Lair:2   | Found a transporter.
 11459 | Lair:2   | Found a transporter.
 11462 | Lair:2   | Found the +3 pair of seven-league boots {Rampage+∞}
 11517 | Lair:2   | Reached ****** piety under Okawaru
 11517 | Lair:2   | Received a gift from Okawaru
 11518 | Lair:2   | Reached skill level 13 in Maces & Flails
 11908 | Lair:2   | Reached XP level 13. HP: 124/124 MP: 17/17
 12333 | Lair:3   | Found a hole to the Spider Nest.
 12480 | Lair:3   | Found a runed translucent door.
 12482 | Lair:3   | Noticed Mouwuw's ghost (journeyman MiMo)
 12483 | Lair:3   | Identified the +1 trident "Ekoseoso" {elec, rF+ rC+ SInv}
 12484 | Lair:3   | Identified the ring "Emess" {rF+ Will+ MP+9 SInv}
 13489 | Arena    | Entered the Arena
 13859 | Lair:4   | Found a staircase to the Shoals.
 13932 | Arena    | Entered the Arena
 14249 | Lair:4   | Reached skill level 14 in Maces & Flails
 14679 | Lair:5   | Received a gift from Okawaru
 14770 | Lair:5   | Found a staircase to the Slime Pits.
 14770 | Lair:5   | Found a viscous altar of Jiyva.
 15062 | Lair:5   | Identified the +8 lajatang "Terghugof" {elec, rF- rCorr
                  | Dex+4 SInv} (Okawaru gifted it to you on level 5 of the
                  | Lair of Beasts)
 15062 | Lair:5   | Received a gift from Okawaru
 15063 | Lair:5   | Reached XP level 14. HP: 105/133 MP: 19/19
 15171 | Lair:5   | Reached skill level 10 in Dodging
 15764 | Lair:6   | Entered Level 6 of the Lair of Beasts
 16082 | Lair:6   | HP: 1/133 [komodo dragon[a boggart] (9)]
 16082 | Lair:6   | Mangled by a blink frog

Illustrated notes

Levels and vault maps discovered:
D:1:      nicolae_arrival_somewhat_less_tricky_arrival, layout_loops_ring,
          serial_shops, shop, shapermc_ecumenical_altar_notcrosses
D:2:      minmay_skewed_foursquare, layout_basic
D:3:      layout_basic, mainiacjoe_overflow_alcove_2, minmay_fractal_squares_5
D:4:      layout_rooms, due_unseen_surprise
D:5:      layout_rooms, minmay_temple_entry_water_ring, uniq_pikel, uniq_edmund,
          uniq_grinder
D:6:      layout_cave_pods
D:7:      layout_basic, grunt_ogre_cave
D:8:      layout_basic, due_lair_maze_entry_diamond
D:9:      layout_layer_cave, minmay_ruffians
D:10:     gammafunk_beogh_shrine, layout_basic, nicolae_underground_beach,
          uniq_snorg, uniq_erolcha
D:11:     layout_irregular_city, erik_orc_1
Temple:   regret_index_temple_sigil_plot
Lair:1:   layout_long_grid, gammafunk_ghost_abyssal_escape,
          chequers_serial_rivers_large_b, minmay_lair_oklob_bushes,
          chequers_serial_rivers_micro_a, serial_bayou_shore_b
Lair:2:   gammafunk_cloud_chamber, layout_regular_city, minivault_26
Lair:3:   layout_chaotic_city, spider_nest_entry_web_field,
          ebering_ghost_funeral_grove
Lair:4:   layout_regular_city, minmay_shoals_entry_lonely_mermaid,
          chequers_serial_rivers_large_a, minmay_shattered_shrine,
          lemuel_fruit_fields
Lair:5:   layout_hall_layers, slime_altar_1, lemuel_fruit_tree
Lair:6:   minmay_lair_end_enchanted_forest, layout_small_grid,
          minmay_hedge_maze, ice2_lemuel

Skill      XL: |  1  2  3  4  5  6  7  8  9 10 11 12 13 14 |
---------------+-------------------------------------------+-----
Fighting       | 2 3 4 5 7 |  7.0
Maces & Flails | 1 2 4 6 9 11 12 13 14 | 14.8
Throwing       | 2 3 4 6 7 |  7.5
Invocations    | 1 3 6 7 8 |  8.0
Dodging        | 1 4 6 7 9 10 | 10.2
Short Blades   | |  1.5
Stealth        | |  2.1

Action                   |  1- 3 |  4- 6 |  7- 9 | 10-12 | 13-15 || total
-------------------------+-------+-------+-------+-------+-------++-------
Melee: Dagger            |   136 |   284 |   131 |       |       ||   551
       Flail             |       |       |    70 |   485 |   738 ||  1293
       Whip              |       |       |   269 |   272 |       ||   541
       Punch             |       |       |       |       |    12 ||    12
       Giant spiked club |       |       |       |       |    36 ||    36
Throw: Dart              |     4 |       |    13 |       |       ||    17
       Javelin           |       |       |       |     4 |       ||     4
Invok: Heroism           |       |       |     4 |     3 |     9 ||    16
       Finesse           |       |       |       |     1 |     4 ||     5
       Duel              |       |       |       |       |     2 ||     2
Evoke: Wand              |       |       |       |     1 |       ||     1
       Piece from Xom's  |       |       |       |     3 |       ||     3
  Use: Scroll            |       |       |     5 |     8 |     4 ||    17
       Potion            |       |       |     3 |     1 |     2 ||     6
 Stab: Sleeping          |     2 |       |     2 |     4 |     8 ||    16
       Paralysed         |       |       |       |    10 |       ||    10
       Distracted        |       |       |       |     1 |       ||     1
Armor: Robe              |    45 |   125 |    74 |   130 |   197 ||   571
       Skin              |       |       |     7 |       |       ||     7
Dodge: Dodged            |    51 |   129 |   221 |   442 |   606 ||  1449
Block: Other             |       |       |    18 |   137 |   178 ||   333
       Reflection        |       |       |       |     2 |     1 ||     3

Table legend: (Time is in decaauts)
 A = Elapsed time spent in this place.
 B = Non-inter-level travel time spent in this place.
 C = Inter-level travel time spent in this place.
 D = Time resting spent in this place.
 E = Time spent auto-exploring this place.
 F = Levels seen in this place.
 G = Mean time per level.
                   A        B        C        D        E       F      G
               +--------+--------+--------+--------+--------+-----+--------+
         Total |  15597 |  14876 |    721 |    215 |  10528 |  20 |  779.8 |
       Dungeon |   9273 |   8848 |    425 |    164 |   5995 |  11 |  843.0 |
        Temple |    279 |    256 |     23 |      0 |    235 |   1 |  279.0 |
          Lair |   5966 |   5693 |    273 |     30 |   4251 |   6 |  994.3 |
         Arena |     78 |     78 |      0 |     21 |     47 |   2 |   39.0 |
               +--------+--------+--------+--------+--------+-----+--------+

Top non-repeatable levels by time:
  Lair:1: 1419 daAuts
     D:8: 1353 daAuts
  Lair:5: 1169 daAuts
  Lair:4: 1147 daAuts
    D:10: 1147 daAuts
     D:7: 1085 daAuts
  Lair:3: 1082 daAuts
     D:1: 923 daAuts
     D:3: 920 daAuts
  Lair:2: 874 daAuts
     D:6: 838 daAuts
     D:5: 780 daAuts
     D:9: 758 daAuts
     D:4: 718 daAuts
     D:2: 676 daAuts
